AoeStats
← Blyad _Mann

MegaRandom

508727451Analyzed
4v4 RM · 8d ago on Sep 23, 2026· 39m 4s· 8 players
Game mode
Random Map
Map size
Large (8 player)
Population
200
Speed
Normal
Resources
Standard
Victory
Conquest
Starting age
Dark Age
Ending age
Imperial Age
RankedLock teamsTeams togetherTeam positionsShared explorationLock speedFull tech treeHidden civsTurbo modeCheats
Victory
Defeat
🇵🇪 Byzantines · Peru
1022
+15
🇯🇵 Magyars · Japan
961
+17
🇳🇱 Danes · Netherlands
960
+17
🇩🇪 Huns · Germany
954
+18
🇲🇽 Khmer · Mexico
1014
-17
🇺🇸 Goths · United States
998
-17
🇨🇦 Saxons · Canada
989
-17
🇺🇸 Muisca · United States
977
-16
Borzak4113
0:39 Loom
12:14 Feudal Age
19:08 Castle Age
18:56 Double-Bit Axe
20:52 Bow Saw
24:08 Horse Collar
26:31 Caravan
27:22 Wheelbarrow
31:37 Gold Mining
31:38 Stone Mining
33:50 Pikeman
35:54 Heavy Plow
36:29 Forging
36:25 Scale Barding Armor
37:49 Hand Cart
merdup
1:48 Loom
14:13 Feudal Age
19:27 Castle Age
19:50 Pikeman
28:40 Double-Bit Axe
35:49 Scale Mail Armor
36:00 Forging
35:52 Caravan
38:19 Wheelbarrow
Gbetosaurus
13:27 Feudal Age
14:38 Double-Bit Axe
14:35 Horse Collar
14:48 Gold Mining
14:49 Stone Mining
14:53 Loom
youtube.com/@Murkwilect
8:21 Loom
10:54 Feudal Age
15:45 Castle Age
15:04 Wheelbarrow
14:22 Double-Bit Axe
14:26 Horse Collar
15:56 Wheelbarrow
17:14 Bow Saw
17:44 Bow Saw
21:52 Loom
28:24 Hand Cart
30:26 Gold Mining
30:51 Stone Mining
32:29 Gold Shaft Mining
34:38 Imperial Age
32:21 Forging
32:11 Scale Mail Armor
33:07 Squires
33:44 Iron Casting
34:42 Chain Mail Armor
33:49 Pikeman
34:18 Gambesons
34:50 Elite Varangian Guard
35:24 Gambesons
36:04 Conscription
37:23 Plate Mail Armor
36:21 Halberdier
36:49 Shield Wall
37:43 Caravan
37:55 Guilds
Blyad _Mann
0:31 Loom
12:39 Feudal Age
13:32 Double-Bit Axe
15:22 Horse Collar
17:47 Castle Age
17:44 Stone Mining
17:50 Gold Mining
18:58 Bow Saw
20:28 Wheelbarrow
24:10 Forging
24:00 Scale Mail Armor
25:41 Hand Cart
30:19 Imperial Age
29:04 Gold Shaft Mining
29:14 Iron Casting
28:54 Chain Mail Armor
29:35 Arson
29:50 Squires
29:46 Gambesons
31:36 Conscription
30:42 Elite Varangian Guard
33:27 Chain Mail Armor
34:12 Blast Furnace
33:16 Heavy Plow
33:52 Elite Jomsviking
35:48 Plate Mail Armor
37:56 Hamask
Osman1453
2:44 Loom
12:18 Feudal Age
13:10 Double-Bit Axe
13:12 Horse Collar
15:09 Gold Mining
19:49 Castle Age
21:11 Gold Shaft Mining
21:00 Caravan
21:46 Stone Mining
22:12 Bloodlines
22:05 Husbandry
22:26 Scale Barding Armor
23:38 Fervor
24:26 Bow Saw
27:12 Wheelbarrow
26:39 Heavy Plow
30:00 Town Watch
31:53 Chain Barding Armor
31:44 Forging
31:43 Town Patrol
34:41 Imperial Age
32:50 Marauders
35:57 Conscription
34:57 Elite Tarkan
36:18 Plate Barding Armor
36:19 Iron Casting
39:55 Atheism
Dylan-23
10:36 Feudal Age
12:54 Loom
15:48 Castle Age
14:27 Double-Bit Axe
14:23 Horse Collar
24:14 Fervor
25:09 Gold Mining
26:20 Bow Saw
26:10 Heavy Plow
27:19 Wheelbarrow
27:33 Forging
27:23 Scale Mail Armor
27:32 Scale Barding Armor
27:59 Stone Mining
28:45 Gold Shaft Mining
29:59 Iron Casting
29:44 Chain Barding Armor
33:21 Imperial Age
33:23 Hand Cart
33:37 Elite Cataphract
35:14 Plate Barding Armor
38:08 Two-Man Saw
37:41 Crop Rotation
38:21 Logistica
38:10 Fletching
LWwcnm
11:07 Feudal Age
14:38 Bloodlines
14:37 Horse Collar
21:45 Castle Age
20:55 Double-Bit Axe
21:03 Gold Mining
21:51 Light Cavalry
23:06 Stone Mining
24:42 Gold Shaft Mining
28:26 Scale Barding Armor
30:56 Wheelbarrow
31:13 Husbandry
31:38 Bow Saw
31:34 Heavy Plow
32:48 Hand Cart
36:57 Imperial Age
34:42 Corvinian Army
35:48 Chain Barding Armor
37:11 Cavalier
37:56 Heavy Cavalry Archer
39:36 Conscription
Connection lost

Rejoining the realm…

Still unreachable

The connection could not be restored.

Session expired

The server has moved on; the page needs a fresh start.